 Dungeon Crawl Stone Soup version 0.23.0-42-geed6394 (webtiles) character file.

Game seed: 3369682768124699193

6840 robertstho the Spear-Bearer (level 10, -13/86 HPs)
             Began as a Red Draconian Fighter on Mar 1, 2019.
             Was a High Priest of Okawaru.
             Mangled by a white ugly thing (24 damage)
             ... on level 8 of the Dungeon.
             The game lasted 00:18:32 (9485 turns).

robertstho the Spear-Bearer (Red Draconian Fighter) Turns: 9485, Time: 00:18:34

Health: -13/86     AC:  8    Str: 26    XL:     10   Next: 77%
Magic:  0/15       EV: 25    Int:  9    God:    Okawaru [*****.]
Gold:   285        SH: 13    Dex: 16    Spells: 9/9 levels left

rFire    + + .     SeeInvis .   a - +0 trident
rCold    . . .     Gourm    .   b - +0 shield
rNeg     . . .     Faith    .   (armour unavailable)
rPois    .         Spirit   +   (helmet restricted)
rElec    .         Reflect  .   p - scarf {Spirit}
rCorr    .         Harm     .   (no gloves)
MR       .....                  o - +0 pair of boots
Stlth    +++++.....             g - amulet of rage
HPRegen  0.24/turn              k - ring of protection from fire
MPRegen  0.14/turn              (no ring)

@: mighty, agile, heroism, slowed, very slow
A: breathe fire, unfitting armour, fire resistance 1, cold-blooded, AC +7
a: Breathe Fire, Heroism, Finesse, Renounce Religion, Evoke Berserk Rage


You were on level 8 of the Dungeon.
You worshipped Okawaru.
Okawaru was extremely pleased with you.
You were near starving.

You visited 2 branches of the dungeon, and saw 10 of its levels.

You collected 472 gold pieces.
You spent 187 gold pieces at shops.

Inventory:

Hand Weapons
 a - a +0 trident (weapon)
 v - the +8 demon blade "Bloodbane" {slice, *Rage +Rage Stlth-}
   (You found it on level 7 of the Dungeon)

   It inflicts extra damage upon your enemies.
   It lets you go berserk.
   It may make you go berserk in combat.
   It makes you less stealthy.
Armour
 b - a +0 shield (worn)
 o - a +0 pair of boots (worn)
 p - a scarf of spirit shield (worn)
Jewellery
 g - an amulet of rage (around neck)
 k - a ring of protection from fire (left hand)
 z - a +5 ring of evasion {unknown}
 C - an uncursed amulet of harm {unknown}
Wands
 j - a wand of flame (19)
 s - a wand of random effects (18)
 y - a wand of disintegration (12)
Scrolls
 e - a scroll of enchant armour {unknown}
 h - 5 scrolls of teleportation
 i - a scroll of immolation
 l - 2 scrolls of noise
 m - 3 scrolls of blinking
 r - 5 scrolls of remove curse
 t - 3 scrolls of fog
 u - 2 scrolls of identify
 w - a scroll of magic mapping {unknown}
 x - a scroll of summoning {unknown}
Potions
 f - 2 potions of curing
 A - 2 potions of brilliance {unknown}
 B - a potion of flight {unknown}
Comestibles
 d - 14 rations


   Skills:
 + Level 7.0(12.0) Fighting
 + Level 1.3(6.3) Long Blades
 + Level 9.3(14.3) Polearms
 + Level 6.4(11.4) Dodging
 + Level 4.5(9.5) Stealth
 + Level 7.1(12.1) Shields
 * Level 7.7 Invocations
 + Level 0.8 Evocations


You had 9 spell levels left.
You didn't know any spells.
Your spell library contained the following spells:

 Spells                   Type           Power        Failure   Level  Hunger
 Corona                   Hex            #......      50%         1    ##.....
 Sandblast                Erth           #.....       50%         1    ##.....
 Shock                    Conj/Air       #...         50%         1    ##.....
 Passwall                 Tmut/Erth      #.......     65%         2    ###....
 Stone Arrow              Conj/Erth      #.....       86%         3    ####...
 Teleport Other           Tloc           #.......     86%         3    ####...
 Petrify                  Tmut/Erth      #.......     99%         4    #####..
 Summon Lightning Spire   Summ/Air       #.......     99%         4    #####..
 Lee's Rapid Deconstruct  Erth           #.........   100%        5    ######.
 Lightning Bolt           Conj/Air       #.........   100%        5    ######.
 Shadow Creatures         Summ           N/A          100%        6    #######
 Spellforged Servitor     Conj/Summ      #.........   100%        7    #######
 Discord                  Hex            #.........   100%        8    #######


Dungeon Overview and Level Annotations

Branches:
Dungeon (9/15)             Temple (1/1) D:4
   Lair: D:8-11         Orc: D:9-12

Altars:
Ashenzari
Cheibriados
Dithmenos
Elyvilon
Fedhas
Gozag
Hepliaklqana
Kikubaaqudgha
Makhleb
Nemelex Xobeh
Okawaru
Qazlal
Ru
Sif Muna
Trog
Uskayaw
Vehumet
Wu Jian
Xom
Yredelemnul
Zin
The Shining One

Shops:
D:6 ?

Annotations:
D:6 scroll shop


Innate Abilities, Weirdness & Mutations

You can breathe blasts of fire.
Your fiery red scales are hard. (AC +7)
You cannot fit into any form of body armour.
Your flesh is heat resistant. (rF+)
You are cold-blooded and may be slowed by cold attacks.


Message History

You puncture the white ugly thing!
The white ugly thing is almost dead.
The white ugly thing stings you! The white ugly thing freezes you!!
You feel yourself slow down.
You puncture the white ugly thing!
The white ugly thing is almost dead.
You block the white ugly thing's attack.
Magic courses through your body.
You feel yourself speed up. The white ugly thing stings you.
* * * LOW HITPOINT WARNING * * *
The white ugly thing freezes you!
You feel yourself slow down.
* * * LOW HITPOINT WARNING * * *
You completely miss the white ugly thing.
The white ugly thing is almost dead.
The white ugly thing stings you.
* * * LOW HITPOINT WARNING * * *
The white ugly thing freezes you!!
You feel as though you will be slow longer.
You die...

..###.# #...........#......#.##
..# ## #.........###.......##
..## #........###.......##
...#######..............Oc..#
......................s.a[..#
####)................#####<.#
...#####...........### ##.##
.#.# ###....#.u..#### ##.##
.u.# ##..###@...<.## ##.#
.#.##### ##.###.......# ###
.......## #...........#
.#.###..## ##..........# ...#
##..# #..........## ### .#.#
##.# #...........####.# ...#
#.# #...............##
########.#####..........##..##
.(.#...#.#...#.........###...##


You could see a white ugly thing.

Vanquished Creatures
  3 two-headed ogres (D:8)
  An unseen horror (D:8)
  An ugly thing (D:6)
  A hippogriff (D:7)
  A steam dragon (D:8)
  2 ice beasts
  2 orc warriors
  5 phantoms
  A black bear (D:8)
  3 ogres
  5 centaurs
  9 bullfrogs
  2 wyvern skeletons (D:8)
  A water moccasin skeleton (D:6)
  2 scorpions
  9 wights
  A howler monkey (D:6)
  3 crimson imps
  A centaur zombie (D:6)
  A quasit (D:7)
  3 hounds
  4 jellies
  2 orc priests (D:8)
  3 orc wizards
  A bullfrog skeleton (D:6)
  An iguana (D:4)
  5 worker ants
  A bullfrog simulacrum (D:8)
  9 adders
  7 gnolls
  A howler monkey skeleton (D:6)
  A shadow imp (D:7)
  An ooze (D:4)
  An adder skeleton (D:4)
  2 adder zombies
  3 worms
  A dart slug (D:3)
  3 leopard geckos
  9 orcs
  A ball python (D:2)
  4 bats
  8 giant cockroaches
  6 goblins
  9 hobgoblins
  3 quokkas
  3 frilled lizards
  A jackal zombie (D:6)
  8 kobolds
  A leopard gecko skeleton (D:5)
  A leopard gecko zombie (D:6)
  8 rats
165 creatures vanquished.

Vanquished Creatures (others)
  An orc (D:8)
1 creature vanquished.

Grand Total: 166 creatures vanquished

Notes
Turn   | Place    | Note
-------+----------+-------------------------------------------
     0 | D:1      | robertstho the Draconian Fighter began the quest for the
                  | Orb.
     0 | D:1      | Reached XP level 1. HP: 19/19 MP: 1/1
    49 | D:1      | Reached XP level 2. HP: 19/26 MP: 2/2
   486 | D:2      | Reached XP level 3. HP: 9/31 MP: 3/3
  1309 | D:3      | Reached XP level 4. HP: 40/40 MP: 4/4
  1686 | D:3      | Reached skill level 3 in Polearms
  1937 | D:4      | Noticed a phantom
  1981 | D:4      | Killed a phantom
  1981 | D:4      | Reached skill level 1 in Stealth
  1981 | D:4      | Reached XP level 5. HP: 33/46 MP: 2/5
  2017 | D:4      | Found an ancient bone altar of Kikubaaqudgha.
  2032 | D:4      | Found a staircase to the Ecumenical Temple.
  2045 | Temple   | Entered the Ecumenical Temple
  2091 | Temple   | Became a worshipper of Warmaster Okawaru
  2353 | D:4      | Noticed a phantom
  2370 | D:4      | Killed a phantom
  2370 | D:4      | Reached skill level 4 in Polearms
  2370 | D:4      | Reached skill level 1 in Invocations
  2370 | D:4      | Reached XP level 6. HP: 44/52 MP: 6/6
  2596 | D:4      | Reached * piety under Okawaru
  2883 | D:4      | You fall through a shaft for 2 floors!
  2883 | D:6      | Found a large runed translucent door.
  2883 | D:6      | Found a large runed translucent door.
  2883 | D:6      | Found a large runed translucent door.
  2883 | D:6      | Found a large runed translucent door.
  2884 | D:6      | Noticed a purple ugly thing
  2911 | D:6      | Killed a purple ugly thing
  2911 | D:6      | Reached ** piety under Okawaru
  2911 | D:6      | Reached skill level 5 in Polearms
  2911 | D:6      | Your scales start taking on a fiery red colour.
  2911 | D:6      | Reached XP level 7. HP: 39/60 MP: 4/9
  2911 | D:6      | Gained mutation: Your flesh is heat resistant. (rF+) [Red
                  | Draconian growth]
  2933 | D:6      | Reached skill level 6 in Polearms
  2933 | D:6      | Reached XP level 8. HP: 32/67 MP: 4/10
  2940 | D:6      | Reached skill level 5 in Fighting
  3169 | D:5      | Entered Level 5 of the Dungeon
  3983 | D:5      | Found a sparkling altar of Nemelex Xobeh.
  4191 | D:6      | Found Ismerph's Magic Scroll Boutique.
  4199 | D:6      | Bought a scroll of blinking for 112 gold pieces
  4199 | D:6      | Bought a scroll of noise for 15 gold pieces
  4199 | D:6      | Bought a scroll of identify for 30 gold pieces
  4199 | D:6      | Bought a scroll of fog for 30 gold pieces
  4249 | D:6      | Reached skill level 5 in Shields
  4659 | D:6      | Reached skill level 7 in Polearms
  4660 | D:6      | Reached *** piety under Okawaru
  4662 | D:6      | Reached skill level 5 in Invocations
  4662 | D:6      | Reached XP level 9. HP: 66/74 MP: 7/12
  4746 | D:6      | Reached skill level 5 in Dodging
  5089 | D:6      | Found a stormy altar of Qazlal.
  5719 | D:7      | Found the +8 demon blade "Bloodbane" {slice, *Rage +Rage
                  | Stlth-}
  5960 | D:7      | Reached skill level 8 in Polearms
  6023 | D:7      | Reached **** piety under Okawaru
  6476 | D:7      | Found a hide-covered altar of Uskayaw.
  6476 | D:7      | Found a blossoming altar of Fedhas.
  6506 | D:7      | Found a glowing silver altar of Zin.
  6509 | D:7      | Found a radiant altar of Vehumet.
  6511 | D:7      | Found a sparkling altar of Nemelex Xobeh.
  6739 | D:8      | Noticed a two-headed ogre
  7484 | D:8      | Noticed a two-headed ogre
  7502 | D:8      | Killed a two-headed ogre
  7502 | D:8      | Reached XP level 10. HP: 14/83 MP: 3/15
  7875 | D:8      | Reached skill level 1 in Long Blades
  7886 | D:8      | Killed an unseen horror
  8267 | D:8      | Killed a two-headed ogre
  8455 | D:8      | Noticed a white ugly thing
  8457 | D:8      | Reached skill level 9 in Polearms
  8833 | D:9      | Noticed a two-headed ogre
  8868 | D:8      | Killed a two-headed ogre
  8871 | D:8      | Reached ***** piety under Okawaru
  9441 | D:8      | Identified the Handbook of the Slorg
  9441 | D:8      | Identified the Almanac of the Birds and Glamour
  9485 | D:8      | Mangled by a white ugly thing

Skill      XL: |  1  2  3  4  5  6  7  8  9 10 |
---------------+-------------------------------+-----
Dodging        | 3 4 5 6 |  6.4
Polearms       | 3 4 5 6 7 8 9 |  9.3
Stealth        | 1 2 3 4 |  4.5
Fighting       | 4 5 6 7 |  7.0
Invocations    | 1 3 5 6 7 |  7.7
Shields        | 4 5 6 7 |  7.1
Long Blades    | 1 |  1.3
Evocations     | |  0.8

Action                   |  1- 3 |  4- 6 |  7- 9 | 10-12 || total
-------------------------+-------+-------+-------+-------++-------
Melee: Trident           |   124 |   144 |   520 |   113 ||   901
       Tailslap          |    12 |    13 |    58 |    20 ||   103
       Demon blade       |       |       |     4 |       ||     4
Invok: Heroism           |       |     1 |     6 |     3 ||    10
Evoke: Wand              |       |       |     1 |     4 ||     5
       Phantom mirror    |       |       |       |     1 ||     1
  Use: Potion            |       |     5 |     3 |     4 ||    12
       Scroll            |       |       |     7 |     2 ||     9
 Stab: Sleeping          |     3 |     3 |     5 |     5 ||    16
       Distracted        |       |     1 |     1 |       ||     2
       Invisible         |       |       |     5 |       ||     5
  Eat: Chunk             |     1 |     3 |    15 |     1 ||    20
       Ration            |       |     1 |       |     1 ||     2
Armor: Skin              |    27 |    36 |   118 |    27 ||   208
Dodge: Dodged            |    32 |    45 |   214 |    33 ||   324
Block: Shield            |    56 |    49 |   269 |    46 ||   420
